 Dungeon Sprint DCSS version bcrawl-1.19.2-6-g6a88ae04c9 (webtiles) character file.

Game seed: 11028311830623192118

191 Freyura the Grappler (level 5, -8/59 HPs)
             Began as a Troll Fighter on Jan 5, 2020.
             Was an Initiate of Ru.
             Killed from afar by an ogre mage (9 damage)
             ... with a bolt of poison
             ... in the Dungeon (Sprint IX: "|||||||||||||||||||||||||||||").
             The game lasted 00:03:06 (129 turns).

Freyura the Grappler (Troll Fighter)                 Turns: 129, Time: 00:03:07

Health: -8/59      AC: 11    Str: 24    XL:     5   Next: 42%
Magic:  4/4        EV:  8    Int:  5    God:    Ru [......]
Gold:   0          SH:  8    Dex: 10    Spells: 4/4 levels left

rFire    . . .     SeeInvis .     - Unarmed
rCold    . . .     Gourm    +   a - +0 shield
rNeg     . . .     Faith    .   (armour unavailable)
rPois    .         Spirit   .   (helmet restricted)
rElec    .         Reflect  .   o - +0 cloak
rCorr    .         Harm     .   (gloves unavailable)
MR       .....     NoTele   +   (boots unavailable)
Stlth    +.........             (no amulet)
HPRegen  0.59/turn              q - +2 ring of protection
MPRegen  0.09/turn              r - +2 ring of protection

@: lethally poisoned (-8 -> -32), slowed, very slow
A: large, almost no armour, unfitting armour, claws 3, fast metabolism 3,
gourmand, regeneration 1, AC +6
a: Renounce Religion


You were in the Dungeon.
You worshipped Ru.
Ru was noncommittal.
You were completely stuffed.

You visited 1 branch

Inventory:

Hand Weapons
 n - the +2 dire flail "Zaquwuq Ihe" {drain, rPois Str-2 Int+2}
   (You found it in the Dungeon)

   A truly terrible weapon, it drains the life of those it strikes.
   It affects your strength (-2).
   It affects your intelligence (+2).
   It protects you from poison.
Armour
 a - a +0 shield (worn)
 o - a +0 cloak (worn)
Jewellery
 q - a +2 ring of protection (left claw)
 r - a +2 ring of protection (right claw)
Wands
 m - a wand of acid (10)
Scrolls
 i - 2 scrolls of blinking
 k - 3 scrolls of remove curse
 l - 2 scrolls of amnesia
Potions
 b - a potion of might
 d - 5 potions of curing
 e - 3 potions of heal wounds
 f - a potion of haste
 g - 4 potions of magic
 h - a potion of berserk rage
 j - a potion of invisibility
Comestibles
 c - 2 rations {!d}


   Skills:
 + Level 5.9 Fighting
 - Level 2.4 Dodging
 - Level 2.0 Shields
 * Level 9.4 Unarmed Combat


You had 4 spell levels left.
You didn't know any spells.
Your spell library was empty.

Dungeon Overview and Level Annotations

Branches:
Dungeon (1/1)

Altars:
Cheibriados
Dithmenos
Elyvilon
Fedhas
Gozag
Hepliaklqana
Kikubaaqudgha
Lugonu
Makhleb
Nemelex Xobeh
Okawaru
Qazlal
Ru
Sif Muna
Trog
Uskayaw
Vehumet
Wu Jian
Xom
Yredelemnul
Zin
The Shining One
Beogh
Jiyva


Innate Abilities, Weirdness & Mutations

You cannot wear most types of armour.
Your thick skin is tough. (AC +6)
You are too large for most types of armour.
You have claws for hands.
Your metabolism is lightning-fast.
You like to eat raw meat.
Your natural rate of healing is unusually fast.


Message History

You hear some strange, mumbled words.
A bolt of poison appears from out of thin air!
The bolt of poison hits you!
You are poisoned.
You feel sick.
You hear some strange, mumbled words.
A bolt of poison appears from out of thin air!
The bolt of poison hits you!
You are more poisoned.
* * * LOW HITPOINT WARNING * * *
You see here a +0 pair of gloves.
* * * LOW HITPOINT WARNING * * *
You feel sick.
You feel yourself slow down.
* * * LOW HITPOINT WARNING * * *
You feel very sick.
You hear some strange, mumbled words.
A bolt of poison appears from out of thin air!
The bolt of poison hits you!
You are more poisoned.
You die... ▓▓▓▓▓▓▓▓▓▓▓▓▓▓▓▓▓▓▓▓▓▓▓▓▓▓▓ _________'..|)..@.[{uS.Z{.+ ▓▓▓▓▓▓▓▓▓▓▓▓▓▓▓▓▓▓▓▓▓▓▓▓▓▓▓

You could see a purple ugly thing, an adder and a bat zombie.

Vanquished Creatures
  A bullfrog (D)
  A crimson imp (D)
  A jelly (D)
  A hound (D)
  A worker ant (D)
  An adder (D)
  A dart slug (D)
  A goblin (D)
  A hobgoblin (D)
  A bat (D)
  A rat (D)
11 creatures vanquished.

Notes
Turn   | Place    | Note
-------+----------+-------------------------------------------
     0 | D        | Freyura the Troll Fighter began the quest for the Orb.
     0 | D        | Reached XP level 1. HP: 22/22 MP: 0/0
    10 | D        | Reached skill level 3 in Unarmed Combat
    33 | D        | Noticed a jelly
    33 | D        | Noticed a worker ant
    33 | D        | Noticed a hound
    33 | D        | Noticed a crimson imp
    38 | D        | Killed a jelly
    38 | D        | Reached skill level 5 in Unarmed Combat
    38 | D        | Reached XP level 2. HP: 20/32 MP: 1/1
    38 | D        | Reached XP level 3. HP: 24/39 MP: 2/2
    40 | D        | Reached skill level 6 in Unarmed Combat
    42 | D        | Gained mutation: Your natural rate of healing is unusually
                  | fast. [Troll growth]
    42 | D        | Reached XP level 4. HP: 31/49 MP: 3/3
    46 | D        | Reached skill level 7 in Unarmed Combat
    53 | D        | Reached skill level 5 in Fighting
    53 | D        | Reached skill level 8 in Unarmed Combat
    58 | D        | Found a roughly hewn altar of Beogh.
    58 | D        | Found a snail-covered altar of Cheibriados.
    58 | D        | Found a shadowy altar of Dithmenos.
    58 | D        | Found a white marble altar of Elyvilon.
    58 | D        | Found a blossoming altar of Fedhas.
    58 | D        | Found an opulent altar of Gozag.
    59 | D        | Found a hazy altar of Hepliaklqana.
    60 | D        | Found a viscous altar of Jiyva.
    61 | D        | Found an ancient bone altar of Kikubaaqudgha.
    62 | D        | Found a corrupted altar of Lugonu.
    63 | D        | Found a burning altar of Makhleb.
    64 | D        | Found a sparkling altar of Nemelex Xobeh.
    65 | D        | Found an iron altar of Okawaru.
    66 | D        | Found a stormy altar of Qazlal.
    67 | D        | Found a sacrificial altar of Ru.
    68 | D        | Found a shimmering blue altar of Sif Muna.
    69 | D        | Found a bloodstained altar of Trog.
    70 | D        | Found a hide-covered altar of Uskayaw.
    71 | D        | Found a radiant altar of Vehumet.
    72 | D        | Found an ornate altar of the Wu Jian Council.
    73 | D        | Found a shimmering altar of Xom.
    74 | D        | Found a basalt altar of Yredelemnul.
    75 | D        | Became a worshipper of Ru the Awakened
    82 | D        | Found a glowing silver altar of Zin.
    83 | D        | Found a glowing golden altar of the Shining One.
   100 | D        | Got the +2 dire flail "Zaquwuq Ihe" {drain, rPois Str-2
                  | Int+2}
   118 | D        | Noticed a bullfrog
   118 | D        | Noticed an ogre mage
   118 | D        | Noticed a purple ugly thing
   118 | D        | Noticed a shadow
   124 | D        | Killed a bullfrog
   124 | D        | Reached skill level 9 in Unarmed Combat
   124 | D        | Reached XP level 5. HP: 55/59 MP: 4/4
   129 | D        | HP: 1/59 [poisoned by an ogre mage (bolt of poison)]
   129 | D        | Killed from afar by an ogre mage

Skill      XL: |  1  2  3  4 |
---------------+-------------+-----
Unarmed Combat | 5 6 9 |  9.4
Fighting       | 3 4 5 |  5.9
Dodging        | |  2.4
Shields        | |  2.0

Action                   |  1- 3 |  4- 6 || total
-------------------------+-------+-------++-------
Melee: Unarmed           |    22 |    16 ||    38
  Eat: Chunk             |     6 |       ||     6
Armor: Skin              |     7 |     2 ||     9
Dodge: Dodged            |       |     4 ||     4
Block: Shield            |    13 |     6 ||    19
